 Dungeon Crawl Stone Soup version 0.25-a0-842-g81a31cfd23 (webtiles) character file.

Game seed: 3670829270700794476, levelgen mode: deterministic

81 Froggeryz the Cudgeler (level 4, -6/28 HPs)
             Began as a Gargoyle Wanderer on Apr 25, 2020.
             Mangled by a gnoll
             ... wielding a +0 flail
              (11 damage)
             ... on level 3 of the Dungeon.
             The game lasted 00:02:21 (1701 turns).

Froggeryz the Cudgeler (Gargoyle Wanderer)          Turns: 1701, Time: 00:02:22

Health: -6/28      AC:  8    Str: 18    XL:     4   Next: 40%
Magic:  7/7        EV: 10    Int: 12    God:
Gold:   62         SH:  0    Dex:  8    Spells: 7/7 levels left

rFire    . . .     SeeInvis .   a - +2 hand axe
rCold    . . .     Gourm    .   (no shield)
rNeg     + . .     Faith    .   n - +0 ring mail
rPois    ∞         Spirit   .   (no helmet)
rElec    +         Reflect  .   (no cloak)
rCorr    .         Harm     .   (no gloves)
MR       .....                  (no boots)
Stlth    +.........             m - amulet of the acrobat
HPRegen  0.09/turn              (no ring)
MPRegen  0.10/turn              (no ring)

@: no status effects
A: negative energy resistance 1, electricity resistance, unbreathing,
petrification resistance, rot immunity, AC +3
a: no special abilities


You were on level 3 of the Dungeon.
You were hungry.

You visited 1 branch of the dungeon, and saw 3 of its levels.

You collected 62 gold pieces.

Inventory:

Hand Weapons
 a - a +2 hand axe (weapon)
 c - a +0 club
Missiles
 j - 13 poisoned darts (quivered)
Armour
 n - a +0 ring mail (worn)
Magical Staves
 o - an uncursed staff of conjuration
Jewellery
 m - an amulet of the acrobat (around neck)
Scrolls
 b - 3 scrolls of teleportation
 g - 2 scrolls of amnesia {unknown}
 h - 2 scrolls of remove curse {unknown}
 k - a scroll of random uselessness {unknown}
 l - 2 scrolls of identify {unknown}
 r - a scroll of enchant weapon {unknown}
Potions
 e - 2 potions of curing {unknown}
 f - a potion of haste
 i - a potion of degeneration {unknown}
 p - a potion of flight {unknown}
Comestibles
 d - 2 rations


   Skills:
 - Level 3.0 Fighting
 - Level 1.7(2.6) Axes
 * Level 3.3(3.6) Maces & Flails
 - Level 1.0 Throwing
 - Level 1.1 Armour
 - Level 1.1 Stealth
 - Level 2.0 Spellcasting
   Level 1.1 Conjurations


You had 7 spell levels left.
You didn't know any spells.
Your spell library was empty.

Dungeon Overview and Level Annotations

Branches:
Dungeon (3/15)

Altars:
Ashenzari
Gozag
Nemelex Xobeh


Innate Abilities, Weirdness & Mutations

You are resistant to torment.
Your stone body is resilient. (AC +3)
You are immune to poison.
You resist negative energy. (rN+)
You are resistant to electric shocks. (rElec)
You can survive without breathing.
You are immune to petrification.
You are immune to rotting.


Message History

You hit the gnoll.
The gnoll is heavily wounded.
The gnoll barely misses you.
You closely miss the gnoll.
The gnoll is heavily wounded.
The gnoll hits you with a +0 flail.
* * * LOW HITPOINT WARNING * * *
You barely miss the gnoll.
The gnoll is heavily wounded.
The gnoll barely misses you.
You barely miss the gnoll.
The gnoll is heavily wounded.
The gnoll hits you but does no damage.
You hit the gnoll.
The gnoll is almost dead.
The gnoll hits you but does no damage.
You barely miss the gnoll.
The gnoll is almost dead.
The gnoll hits you with a +0 flail!
You die...

#.######..#....#
..............>#
#...........##.#
#.######....#
#.#(.# #.#..#
#.#..## #.#..g#
# #.#.#@####.#
..#........#
###.#.#.##.#
#...#.##.#
.....#<...#
###.###.##.# #.#
#.# # .. #.# ..
#.#


You could see a gnoll.

Vanquished Creatures
  An adder (D:2)
  A gnoll (D:3)
  2 worms (D:2)
  3 dart slugs
  2 leopard geckos
  3 orcs (D:3)
  3 giant cockroaches
  6 hobgoblins
  3 jackals (D:1)
  A quokka (D:2)
  6 bats
  A frilled lizard (D:1)
  6 goblins
  2 kobolds
  4 rats
44 creatures vanquished.

Notes
Turn   | Place    | Note
-------+----------+-------------------------------------------
     0 | D:1      | Froggeryz the Gargoyle Wanderer began the quest for the
                  | Orb.
     0 | D:1      | Froggeryz set off with the following items: a +2 hand axe,
                  | 2 scrolls of teleportation, a +0 robe, a ration
     0 | D:1      | Reached XP level 1. HP: 12/12 MP: 3/3
   171 | D:1      | Reached XP level 2. HP: 15/18 MP: 5/5
   337 | D:1      | Reached skill level 1 in Maces & Flails
   647 | D:2      | Reached XP level 3. HP: 23/23 MP: 6/6
   826 | D:2      | Found a sparkling altar of Nemelex Xobeh.
   873 | D:2      | Found an opulent altar of Gozag.
  1113 | D:2      | Found a shattered altar of Ashenzari.
  1299 | D:2      | Reached XP level 4. HP: 28/28 MP: 7/7
  1701 | D:3      | Mangled by a gnoll

Levels and vault maps discovered:
D:1:      minmay_arrival_solitary_statue, layout_rooms
D:2:      layout_loops_cross, lemuel_round_altar,
          nemelex_xobeh_ov_fountains_minmay, nicolae_overflow_crystal_walls,
          kennysheep_small_spiral
D:3:      layout_basic, portal_sewer_entry_e, hangedman_decor_slide_cut,
          uniq_ijyb

Skill      XL: |  1  2  3  4 |
---------------+-------------+-----
Fighting       | 3 |  3.0
Maces & Flails | 1 2 3 |  3.3
Axes           | |  1.7
Throwing       | |  1.0
Armour         | |  1.1
Stealth        | |  1.1
Spellcasting   | |  2.0
Conjurations   | |  1.1

Action                   |  1- 3 |  4- 6 || total
-------------------------+-------+-------++-------
Melee: Hand axe          |   116 |    39 ||   155
  Eat: Chunk             |     1 |     1 ||     2
Armor: Robe              |     8 |       ||     8
       Leather armour    |    17 |       ||    17
       Ring mail         |    19 |    13 ||    32
Dodge: Dodged            |    80 |    13 ||    93

Table legend:
 A = Non-vault XP
 B = Vault XP
 C = Vault XP percentage of total XP
 D = Non-vault monster count
 E = Vault monster count
 F = Vault count percentage of total count
                 A         B        C        D         E       F
            +---------+---------+-------+---------+---------+-------
      Total |     116 |       0 |   0.0 |      44 |       0 |   0.0
            +---------+---------+-------+---------+---------+-------
        D:1 |      33 |       0 |   0.0 |      18 |       0 |   0.0
        D:2 |      61 |       0 |   0.0 |      22 |       0 |   0.0
        D:3 |      22 |       0 |   0.0 |       4 |       0 |   0.0
            +---------+---------+-------+---------+---------+-------
